Map: Overgrowth LE (Void)

Players

Neeblet (Neeb) - Winner!

  • Race: Protoss Protoss
  • Spawn Location: 7:00

IIIIIIIIIIl (Kas)

  • Race: Terran Terran
  • League: Grandmaster
  • Spawn Location: 1:00

Event: NationWars IV

VOD

Have the link to the VOD?

Description

Time

  • Played on: Dec. 23, 2016, 2:14 p.m.
  • Length: 10:58
Show
View Real Time Build Order
Export as new Build Order

Neeblet Protoss - Winner!

Build Orders: 1 Gate Expand, Colossus Rush 

Get SALT Encoding   

  12  0:01  Probe (Chrono Boost)  
  13  0:11  Probe (Chrono Boost)  
  14  0:18  Pylon  
  14  0:22  Probe (Chrono Boost)  
  15  0:36  Probe (Chrono Boost)  
  15  0:37  Gateway  
  16  0:47  Probe (Chrono Boost)  
  16  0:48  Assimilator  
  17  0:58  Probe (Chrono Boost)  
  18  1:08  Probe (Chrono Boost)  
  19  1:17  Nexus  
  19  1:20  Probe (Chrono Boost)  
  20  1:30  Cybernetics Core  
  20  1:34  Probe (Chrono Boost)  
  20  1:38  Assimilator  
  21  1:44  Probe (Chrono Boost)  
  22  1:48  Pylon  
  22  1:55  Probe (Chrono Boost)  
  23  2:07  Mothership Core (Chrono Boost)  
  25  2:15  Warp Gate  
  25  2:20  Adept  
  27  2:25  Probe (Chrono Boost)  
  27  2:29  Probe (Chrono Boost)  
  29  2:36  Probe (Chrono Boost)  
  30  2:40  Probe (Chrono Boost)  
  30  2:42  Robotics Facility  
  31  2:46  Probe (Chrono Boost)  
  31  2:50  Probe (Chrono Boost), Stalker  
  35  2:57  Probe (Chrono Boost)  
  36  3:01  Probe (Chrono Boost)  
  37  3:07  Probe (Chrono Boost)  
  37  3:11  Probe (Chrono Boost), Gateway  
  39  3:13  Gateway  
  39  3:18  Probe (Chrono Boost)  
  40  3:22  Probe (Chrono Boost)  
  41  3:27  Observer  
  41  3:29  Assimilator  
  41  3:30  Probe (Chrono Boost)  
  41  3:31  Assimilator  
  41  3:33  Probe (Chrono Boost)  
  44  3:34  Pylon  
  45  3:42  Probe (Chrono Boost)  
  45  3:43  Probe (Chrono Boost)  
  45  3:45  Robotics Bay  
  46  3:49  Pylon  
  46  3:52  Observer  
  46  3:54  Probe x2 (Chrono Boost)  
  49  4:04  Probe (Chrono Boost)  
  49  4:06  Probe (Chrono Boost)  
  49  4:08  Pylon  
  49  4:09  Warp Prism  
  51  4:15  Probe (Chrono Boost)  
  54  4:18  Stalker x2  
  54  4:19  Probe (Chrono Boost)  
  59  4:25  Probe (Chrono Boost)  
  57  4:37  Probe x2 (Chrono Boost)  
  59  4:39  Extended Thermal Lance  
  59  4:41  Colossus  
  59  4:49  Probe (Chrono Boost)  
  59  4:52  Probe (Chrono Boost)  
  67  5:04  Pylon  
  67  5:11  Nexus  
  67  5:12  Pylon  
  67  5:13  Sentry  
  69  5:23  Adept x2  
  73  5:28  Colossus  
  73  5:29  Twilight Council  
  73  5:34  Probe x2 (Chrono Boost)  
  81  5:46  Probe (Chrono Boost)  
  82  5:54  Probe (Chrono Boost)  
  82  5:56  Blink  
  84  5:58  Probe (Chrono Boost)  
  84  5:59  Sentry  
  84  6:02  Pylon  
  86  6:05  Pylon  
  86  6:12  Gateway x2  
  86  6:13  Gateway  
  86  6:22  Probe x2 (Chrono Boost)  
  86  6:25  Probe (Chrono Boost)  
  89  6:26  Colossus  
  89  6:29  Stalker x3  
  95  6:34  Probe (Chrono Boost)  
  95  6:39  Probe (Chrono Boost)  
  104  6:40  Probe (Chrono Boost)  
  100  6:55  Stalker x2  
  100  6:56  Stalker  
  100  7:00  Probe x2 (Chrono Boost)  
  109  7:01  Probe (Chrono Boost)  
  109  7:03  Pylon  
  109  7:13  Probe (Chrono Boost)  
  109  7:14  Probe (Chrono Boost)  
  105  7:17  Disruptor  
  105  7:19  Probe (Chrono Boost), Forge x2, Assimilator  
  105  7:22  Assimilator  
  109  7:25  Probe (Chrono Boost)  
  109  7:26  Sentry  
  109  7:27  Adept  
  114  7:30  Nexus  
  114  7:32  Probe (Chrono Boost), Pylon  
  114  7:34  Probe (Chrono Boost)  
  116  7:38  Protoss Ground Weapons Level 1, Pylon, Protoss Ground Armor Level 1  
  116  7:42  Pylon  
  116  7:44  Charge  
  115  7:50  Pylon  
  115  7:52  Disruptor  
  118  8:01  Pylon  
  118  8:04  Gateway  
  118  8:06  Gateway  
  118  8:08  Stalker x3  
  118  8:10  Stalker  
  126  8:13  Stalker  
  126  8:19  Probe (Chrono Boost)  
  131  8:20  Probe x2 (Chrono Boost)  
  131  8:24  Assimilator  
  131  8:28  Disruptor  
  131  8:29  Assimilator  
  131  8:31  Zealot x4  
  142  8:45  Photon Cannon  
  142  8:51  Photon Cannon  
  142  8:52  Pylon  
  142  8:54  Gateway  
  142  8:56  Gateway  
  142  8:59  Templar Archives  
  142  9:03  Zealot x3  
  142  9:04  Disruptor  
  142  9:09  Pylon  
  151  9:34  Zealot x8  
  164  9:39  Disruptor  
  167  9:56  High Templar x4  
  167  9:57  Stalker x2  
  167  9:58  Stalker x4  
  187  10:01  Archon  
  187  10:02  Archon  
  187  10:07  Pylon  
  187  10:10  Disruptor  
  187  10:11  Photon Cannon  
  187  10:13  Photon Cannon  
  188  10:22  Zealot x4  
  150  10:44  Stalker x3  
  150  10:45  Stalker x6  
Show
View Real Time Build Order
Export as new Build Order

IIIIIIIIIIl Terran 

Build Orders: Reaper Expand, MMM Bio 

Get SALT Encoding   

  12  0:00  SCV  
  13  0:13  SCV  
  14  0:17  Supply Depot  
  14  0:25  SCV  
  15  0:28  Refinery  
  15  0:39  SCV  
  16  0:44  Barracks  
  16  0:51  SCV  
  17  1:03  SCV  
  18  1:15  SCV  
  19  1:31  Orbital Command  
  19  1:32  Reaper  
  20  1:41  Command Center  
  20  1:51  Factory  
  20  1:57  SCV  
  21  2:02  Refinery  
  21  2:07  Barracks Reactor  
  21  2:11  SCV  
  21  2:14  Supply Depot  
  22  2:23  SCV  
  23  2:36  Starport, SCV  
  24  2:40  Widow Mine  
  24  2:43  Marine x2  
  28  2:48  SCV  
  29  2:54  Orbital Command  
  29  3:00  SCV  
  29  3:01  Marine x2  
  32  3:18  Marine  
  32  3:19  Marine, SCV, Medivac  
  37  3:20  Widow Mine  
  40  3:27  SCV  
  40  3:30  Supply Depot  
  40  3:31  SCV  
  40  3:36  Marine x2  
  40  3:39  SCV  
  43  3:43  SCV  
  43  3:45  Supply Depot  
  44  3:49  Factory Tech Lab  
  44  3:50  Starport Tech Lab  
  44  3:51  SCV  
  45  3:55  SCV  
  45  3:58  Marine  
  45  3:59  Barracks, Marine  
  48  4:03  SCV  
  48  4:07  SCV  
  48  4:09  Raven  
  52  4:13  Siege Tank  
  52  4:15  SCV  
  52  4:16  Marine  
  57  4:17  Marine  
  57  4:20  Supply Depot, SCV  
  59  4:27  Supply Depot  
  59  4:28  SCV  
  60  4:35  SCV  
  61  4:39  Marine  
  61  4:41  Marine  
  61  4:42  SCV  
  61  4:43  Engineering Bay  
  64  4:48  Siege Tank  
  64  4:52  SCV, Refinery x2  
  68  4:55  SCV  
  68  4:57  Barracks, Marine  
  68  4:58  Stimpack  
  70  5:00  Marine  
  70  5:01  Marine  
  70  5:04  Starport Reactor  
  70  5:05  SCV  
  73  5:09  SCV  
  73  5:10  Supply Depot  
  73  5:13  Supply Depot  
  74  5:18  Marine, SCV  
  74  5:19  Marauder  
  78  5:24  Terran Infantry Weapons Level 1  
  78  5:29  Marine  
  78  5:30  SCV  
  78  5:35  SCV  
  75  5:36  Marine  
  75  5:38  Factory Reactor  
  75  5:40  Marauder  
  75  5:41  Medivac  
  75  5:42  SCV  
  76  5:56  Liberator  
  74  5:59  Marauder, Marine x2  
  74  6:01  SCV  
  74  6:02  Marauder, SCV  
  82  6:04  Combat Shields  
  82  6:14  SCV  
  86  6:24  Marauder, Marine x2  
  90  6:26  SCV  
  90  6:28  Command Center  
  90  6:30  Marauder  
  93  6:34  Supply Depot  
  93  6:35  Supply Depot  
  93  6:36  Widow Mine x2  
  93  6:37  SCV  
  93  6:38  SCV  
  99  6:41  Liberator  
  99  6:42  Marine, Liberator  
  99  6:46  Marauder  
  101  6:49  SCV  
  83  6:54  Marauder, Marine  
  83  7:00  SCV  
  86  7:03  SCV  
  86  7:05  Marine  
  86  7:07  Marauder  
  89  7:10  Barracks  
  89  7:12  SCV  
  88  7:20  Marauder, Marine  
  91  7:23  Marine, SCV  
  91  7:28  Marauder, SCV  
  91  7:29  Barracks  
  96  7:37  SCV  
  96  7:38  Marine  
  96  7:41  Marine  
  96  7:42  Marauder  
  96  7:44  Viking x2  
  103  7:49  SCV  
  106  7:52  Terran Infantry Armor Level 1  
  106  7:54  SCV  
  106  7:56  Marine  
  106  7:57  Marauder  
  110  7:59  Marine, Barracks Tech Lab  
  110  8:03  Marauder, SCV, Widow Mine  
  116  8:10  Missile Turret, SCV  
  117  8:16  Supply Depot  
  117  8:18  Supply Depot  
  117  8:21  Marine  
  117  8:24  Marine, Viking x2  
  117  8:25  Marauder  
  125  8:29  Orbital Command  
  125  8:30  Marine x2  
  125  8:33  Marauder  
  129  8:41  Marauder, Marine  
  132  8:42  Marine  
  132  8:44  Supply Depot, Liberator  
  132  8:46  Marauder, Supply Depot  
  135  8:51  Marine x2  
  135  8:53  SCV x2  
  135  8:54  Marauder  
  141  8:55  Factory Reactor  
  141  8:59  Starport, Viking  
  146  9:11  Marauder x2, Marine  
  146  9:14  Armory  
  146  9:16  Marine x2  
  151  9:17  Engineering Bay  
  137  9:25  Liberator  
  137  9:35  Concussive Shells  
  137  9:36  Marauder x2, Marine x2  
  146  9:47  Marauder, Marine x2  
  146  9:49  SCV x2  
  146  9:51  Refinery x2  
  152  9:54  Marine  
  152  9:57  Marauder, Marine  
  152  9:58  Marauder  
  158  10:02  SCV x2  
  158  10:05  Marine x2  
  161  10:09  Marauder  
  161  10:11  Marine  
  164  10:15  Marine  
  164  10:21  Marauder  
Tags
 
Add a new tag
Caveats
  • Supply blocks, unpowered buildings, or Contaminate may cause inaccurate times.
  • Supply counts are checked every 10 seconds.